 Dungeon Crawl Stone Soup version 0.20.1-1-g8b1a95d (webtiles) character file.

4604 Golfball the Basher (level 10, -18/66 HPs)
             Began as a Gargoyle Fighter on Dec 19, 2017.
             Was a Priest of Okawaru.
             Demolished by a two-headed ogre
             ... wielding a +0 giant spiked club
              (31 damage)
             ... on level 8 of the Dungeon.
             The game lasted 00:22:49 (6874 turns).

Golfball the Basher (Gargoyle Fighter)              Turns: 6874, Time: 00:22:49

Health: -18/66     AC: 15    Str: 24    XL:     10   Next: 42%
Magic:  10/10      EV:  4    Int:  8    God:    Okawaru [***...]
Gold:   354        SH: 17    Dex:  9    Spells: 9/9 levels left

rFire    . . .     SeeInvis +   a - +5 morningstar
rCold    . . .     Gourm    .   n - +0 large shield
rNeg     + . .     Faith    .   E - +0 leather armour {MR+}
rPois    ∞         Spirit   .   A - +0 helmet
rElec    +         Reflect  .   y - +0 cloak
rCorr    +         Harm     .   (no gloves)
MR       +....                  B - +2 pair of boots
Stlth    +.........             (no amulet)
Regen    0.3/turn               G - ring of resist corrosion
MPRegen  0.2/turn               J - ring of Toliex {*Corrode rElec EV-4 SInv} (curse)

@: no status effects
A: negative energy resistance 1, electricity resistance, unbreathing,
petrification resistance, rot immunity, AC +7
a: Heroism, Renounce Religion


You were on level 8 of the Dungeon.
You worshipped Okawaru.
Okawaru was most pleased with you.
You were not hungry.

You visited 2 branches of the dungeon, and saw 9 of its levels.

You collected 354 gold pieces.

Inventory:

Hand Weapons
 a - a +5 morningstar (weapon)
 z - a +0 war axe
 C - a +1 battleaxe of flaming
 D - a +3 flail of freezing
Armour
 b - a +1 scale mail
 c - a +0 shield
 j - a +0 plate armour
 n - a +0 large shield (worn)
 y - a +0 cloak (worn)
 A - a +0 helmet (worn)
 B - a +2 pair of boots (worn)
 E - a +0 leather armour of magic resistance (worn)
 I - a cursed +0 ring mail
Jewellery
 s - an uncursed amulet of rage {unknown}
 G - a ring of resist corrosion (left hand)
 J - the cursed ring of Toliex (right hand) {*Corrode rElec EV-4 SInv}
   (You found it on level 7 of the Dungeon)

   [ring of evasion]

   It affects your evasion (-4).
   It insulates you from electricity.
   It lets you see invisible.
   It may corrode you when you take damage.
   It has a curse placed upon it.
Wands
 m - a wand of lightning (10/15)
 o - a wand of confusion (33/48)
 t - a wand of enslavement (8/24)
Scrolls
 g - 6 scrolls of teleportation
 i - a scroll of remove curse
 v - 2 scrolls of enchant weapon
Potions
 d - a potion of haste
 e - 2 potions of mutation
 h - a potion of heal wounds
 k - a potion of ambrosia
 p - a potion of brilliance
 q - a potion of might
 r - 3 potions of curing
 w - 3 potions of agility
 H - a potion of experience {unknown}
Comestibles
 f - 4 bread rations
 l - 2 royal jellies
 u - 2 meat rations
 x - 11 fruits
 F - 2 chunks of flesh


   Skills:
 + Level 9.4 Fighting
 - Level 10.0 Maces & Flails
 - Level 3.2 Armour
 + Level 9.4 Shields


You had 9 spell levels left.
You didn't know any spells.

Dungeon Overview and Level Annotations

Branches:
Dungeon (8/15)             Temple (1/1) D:7
   Lair: D:8-11

Altars:
Ashenzari
Dithmenos
Elyvilon
Nemelex Xobeh
Okawaru
Trog
Zin
The Shining One

Shops:
D:6 *(   D:7 :


Innate Abilities, Weirdness & Mutations

You are resistant to torment.
Your stone body is resilient. (AC +7)
You are immune to poison.
You resist negative energy. (rN+)
You are resistant to electric shocks. (rElec)
You can survive without breathing.
You are immune to petrification.
You are immune to rotting.


Message History

You puncture the two-headed ogre!
The two-headed ogre is moderately wounded.
The two-headed ogre hits you with a giant spiked club!
The two-headed ogre hits you with a giant club!!
You bludgeon the two-headed ogre!!
The two-headed ogre is severely wounded.
You block the two-headed ogre's attack.
The two-headed ogre hits you with a giant club!
* * * LOW HITPOINT WARNING * * *
You hit the two-headed ogre.
The two-headed ogre is almost dead.
Your shield prevents you from hitting the two-headed ogre.
The two-headed ogre is almost dead.
You block the two-headed ogre's attack.
The two-headed ogre hits you with a giant club.
* * * LOW HITPOINT WARNING * * *
You thump the two-headed ogre!
The two-headed ogre is almost dead.
The two-headed ogre hits you with a giant spiked club!!
You die...

##### ##...# ....#
....# ... #...# #..
#+#
##O..###..####.####
#.@^...#...........
#......#...........
##.....+...........
##.....#...........
#......#...........
##....###...##..#..
#.....###...#######
#.....†.'....#
..........#....#


You could see a two-headed ogre.

Vanquished Creatures
  A two-headed ogre (D:7)
  The ghost of Neptuneman8 the Cleaver, a novice MiFi of Okawaru (D:8)
  The ghost of ChromeMolly the Covert, a novice OpFi of Gozag (D:7)
  Grinder (D:6)
  Menkaure (D:4)
  A water moccasin (D:6)
  A sky beast (D:7)
  2 phantoms
  An ice beast (D:7)
  2 ogres
  5 centaurs
  The ghost of ChromeMolly the Ducker, an amateur OpFi (D:3)
  The ghost of sanboga the Skirmisher, an amateur GrBe of Trog (D:5)
  Blork the orc (D:6)
  2 bullfrogs
  A wyvern zombie (D:7)
  4 scorpions
  4 wights
  A howler monkey (D:4)
  A crimson imp (D:7)
  4 hounds
  A centaur zombie (D:6)
  2 jellies
  A centaur skeleton (D:4)
  2 orc priests
  An orc wizard (D:7)
  A bullfrog skeleton (D:7)
  2 iguanas
  3 worker ants
  A hound skeleton (D:8)
  A howler monkey zombie (D:7)
  A howler monkey skeleton (D:8)
  10 adders
  2 worms
  A dart slug (D:2)
  5 leopard geckos
  12 orcs
  11 giant cockroaches
  9 goblins
  11 hobgoblins
  21 jackals
  5 quokkas
  A ball python (D:2)
  10 bats
  7 frilled lizards
  A jackal skeleton (D:8)
  A jackal zombie (D:5)
  10 kobolds
  A leopard gecko skeleton (D:7)
  6 rats
177 creatures vanquished.

Notes
Turn   | Place    | Note
-------+----------+-------------------------------------------
     0 | D:1      | Golfball the Gargoyle Fighter began the quest for the Orb.
     0 | D:1      | Reached XP level 1. HP: 14/14 MP: 1/1
    90 | D:1      | Reached XP level 2. HP: 19/19 MP: 2/2
   133 | D:1      | Reached skill level 3 in Maces & Flails
   497 | D:1      | Reached XP level 3. HP: 23/23 MP: 3/3
   907 | D:2      | Reached skill level 4 in Maces & Flails
   941 | D:2      | Reached XP level 4. HP: 28/28 MP: 4/4
  1631 | D:3      | Noticed ChromeMolly's ghost (amateur OpFi)
  1645 | D:3      | Killed ChromeMolly's ghost
  1645 | D:3      | Reached skill level 5 in Maces & Flails
  1645 | D:3      | Reached XP level 5. HP: 16/32 MP: 5/5
  2101 | D:3      | Found a white marble altar of Elyvilon.
  2308 | D:4      | Noticed Menkaure
  2318 | D:4      | Killed Menkaure
  2318 | D:4      | Reached skill level 6 in Maces & Flails
  2318 | D:4      | Reached XP level 6. HP: 28/37 MP: 6/6
  2410 | D:4      | Noticed a phantom
  2444 | D:4      | Killed a phantom
  2444 | D:4      | Reached skill level 7 in Maces & Flails
  2591 | D:4      | Reached XP level 7. HP: 39/41 MP: 7/7
  3198 | D:4      | Reached skill level 8 in Maces & Flails
  3335 | D:5      | Entered Level 5 of the Dungeon
  3763 | D:5      | Reached skill level 9 in Maces & Flails
  3763 | D:5      | Reached XP level 8. HP: 26/46 MP: 8/8
  3995 | D:5      | Noticed sanboga's ghost (amateur GrBe)
  4009 | D:5      | Killed sanboga's ghost
  4167 | D:6      | Found a bloodstained altar of Trog.
  4305 | D:6      | Noticed Blork the orc
  4323 | D:6      | Killed Blork the orc
  4346 | D:6      | Found Faylu's General Store.
  4412 | D:6      | Noticed Grinder
  4469 | D:5      | Reached skill level 10 in Maces & Flails
  4712 | D:6      | Found Pustall's Antique Weapon Boutique.
  4956 | D:6      | Killed Grinder
  4956 | D:6      | Reached skill level 5 in Fighting
  4956 | D:6      | Reached skill level 5 in Shields
  4956 | D:6      | Reached XP level 9. HP: 54/54 MP: 9/9
  5324 | D:7      | Found Qulan's Book Emporium.
  5481 | D:7      | Found a staircase to the Ecumenical Temple.
  5512 | Temple   | Entered the Ecumenical Temple
  5568 | Temple   | Became a worshipper of Warmaster Okawaru
  5816 | D:7      | Got a vibrating platinum ring
  5817 | D:7      | Identified the cursed ring of Toliex {*Corrode rElec EV-4 SInv} (You found it on level 7 of the Dungeon)
  5853 | D:7      | Noticed a two-headed ogre
  5867 | D:7      | Killed a two-headed ogre
  5867 | D:7      | Reached * piety under Okawaru
  5880 | D:7      | Reached ** piety under Okawaru
  6254 | D:7      | Noticed ChromeMolly's ghost (novice OpFi)
  6264 | D:7      | Killed ChromeMolly's ghost
  6264 | D:7      | Reached XP level 10. HP: 64/65 MP: 10/10
  6492 | D:8      | Noticed Neptuneman8's ghost (novice MiFi)
  6512 | D:8      | Killed Neptuneman8's ghost
  6512 | D:8      | Reached *** piety under Okawaru
  6863 | D:8      | Noticed a two-headed ogre
  6874 | D:8      | Demolished by a two-headed ogre

Skill      XL: |  1  2  3  4  5  6  7  8  9 10 |
---------------+-------------------------------+-----
Maces & Flails | 3 4 5 6 7 9 10 | 10.0
Fighting       | 5 8 9 |  9.4
Shields        | 5 8 9 |  9.4
Armour         | |  3.2

Action                   |  1- 3 |  4- 6 |  7- 9 | 10-12 || total
-------------------------+-------+-------+-------+-------++-------
Melee: Flail             |   137 |   180 |   197 |       ||   514
       Morningstar       |       |       |   152 |    59 ||   211
  Use: Scroll            |       |    13 |     7 |       ||    20
       Potion            |       |     2 |     2 |     1 ||     5
  Eat: Chunk             |       |     6 |    12 |     2 ||    20
Armor: Scale mail        |    61 |    70 |    81 |       ||   212
       Leather armour    |       |       |    23 |    16 ||    39
Dodge: Dodged            |    40 |    20 |    53 |     5 ||   118
Block: Shield            |    43 |       |       |       ||    43
       Large shield      |    89 |   124 |   242 |    49 ||   504
